 Dungeon Crawl Stone Soup version 0.25-a0-110-ge29c8f2358 (webtiles) character file.

Game seed: 16944197573284100990, levelgen mode: deterministic

479 Esekla the Magician (level 6, -3/43 HPs)
             Began as a Demonspawn Wanderer on Nov 20, 2019.
             Slain by Grinder (10 damage)
             ... on level 4 of the Dungeon.
             The game lasted 00:41:00 (3988 turns).

Esekla the Magician (Demonspawn Wanderer)           Turns: 3988, Time: 00:41:01

Health: -3/43      AC:  6    Str: 13    XL:     6   Next: 86%
Magic:  12/12      EV: 16    Int: 16    God:
Gold:   144        SH:  5    Dex: 11    Spells: 9/13 levels left

rFire    . . .     SeeInvis .   h - +0 dagger
rCold    . . .     Gourm    .   r - +2 buckler
rNeg     . . .     Faith    .   d - +0 robe
rPois    .         Spirit   .   (no helmet)
rElec    .         Reflect  .   n - +1 cloak
rCorr    .         Harm     .   (no gloves)
MR       .....                  g - +0 pair of boots
Stlth    ++........             l - amulet of magic regeneration (curse)
HPRegen  0.14/turn              k - +5 ring of evasion
MPRegen  0.38/turn              o - ring of wizardry

@: no status effects
A: rugged brown scales 1, powered by pain 1
a: no special abilities


You were on level 4 of the Dungeon.
You were not hungry.

You visited 1 branch of the dungeon, and saw 4 of its levels.

You collected 144 gold pieces.

Inventory:

Hand Weapons
 h - a +0 dagger (weapon)
Armour
 d - a +0 robe (worn)
 e - a +0 shield
 g - a +0 pair of boots (worn)
 n - a +1 cloak (worn)
 r - a +2 buckler (worn)
Jewellery
 k - a +5 ring of evasion (left hand)
 l - a cursed amulet of magic regeneration (around neck)
 o - a ring of wizardry (right hand)
Wands
 c - a wand of random effects (3)
Scrolls
 a - a scroll of teleportation {unknown}
 b - a scroll of immolation
 j - a scroll of identify {unknown}
 m - a scroll of remove curse {unknown}
 p - a scroll of amnesia {unknown}
 t - a scroll of magic mapping {unknown}
 u - a scroll of noise {unknown}
Potions
 q - a potion of resistance {unknown}
 s - a potion of mutation {unknown}
Comestibles
 f - 7 rations
 v - 3 chunks of flesh


   Skills:
 + Level 0.6 Fighting
 + Level 0.6 Short Blades
 + Level 0.8 Dodging
 + Level 1.7 Stealth
 + Level 1.0 Shields
 * Level 4.4 Spellcasting
 + Level 2.6 Conjurations
   Level 1.0 Charms
   Level 2.1 Necromancy
   Level 1.7 Transmutations
 + Level 2.5 Air Magic
 * Level 2.1 Poison Magic
 + Level 1.2 Evocations


You had 9 spell levels left.
You knew the following spells:

 Your Spells              Type           Power        Failure   Level  Hunger
a - Shock                 Conj/Air       ##..         3%          1    None
c - Mephitic Cloud        Conj/Pois/Air  ##......     11%         3    ###....

Your spell library contained the following spells:

 Spells                   Type           Power        Failure   Level  Hunger


Dungeon Overview and Level Annotations

Branches:
Dungeon (4/15)
 Temple: D:4-7

Altars:
Qazlal

Annotations:
D:4 Grinder


Innate Abilities, Weirdness & Mutations

You are partially covered in rugged brown scales. (AC +1, +3% HP)
You sometimes gain a little power by taking damage.


Message History

You hit Grinder.
Grinder is heavily wounded.
Grinder hits you.
* * * LOW HITPOINT WARNING * * *
You feel better. Grinder hits you.
You hit Grinder but do no damage.
Grinder is heavily wounded.
Grinder hits you!
* * * LOW HITPOINT WARNING * * *
You feel better. Grinder hits you.
* * * LOW HITPOINT WARNING * * *
You feel better. Grinder hits you.
You writhe in agony.
* * * LOW HITPOINT WARNING * * *
Okay, then.
As you read the scroll labeled CEVU MUITOHU, it crumbles to dust.
The creatures around you are filled with an inner flame!
It was a scroll of immolation.
Grinder says, "Just stop there for a second..."
Grinder hits you!
You die...

############## #>...........#
#.##########.# #.# #.# #@# #.#
#########5##########.#
#.................†..#
#.####.##.####.#####.# #.#
#.##.# #.#####.#### #.# #.##.#
#............ #.#
#.##.##########.##### #.#
#.##.................
########.####.###########.#.....


You could see Grinder (inner flame).

Vanquished Creatures
  A sky beast (D:2)
  A bullfrog zombie (D:3)
  Crazy Yiuf (D:2)
  3 orc wizards
  A hound (D:3)
  An orc priest (D:3)
  2 worker ants
  A gnoll (D:3)
  3 adders
  2 worms (D:2)
  4 dart slugs
  A leopard gecko (D:2)
  14 orcs
  8 giant cockroaches
  3 goblins
  4 quokkas
  5 ball pythons
  7 bats
  2 frilled lizards
  8 kobolds
  4 rats
76 creatures vanquished.

Vanquished Creatures (others)
  An adder (D:4)
1 creature vanquished.

Grand Total: 77 creatures vanquished

Notes
Turn   | Place    | Note
-------+----------+-------------------------------------------
     0 | D:1      | Esekla the Demonspawn Wanderer began the quest for the Orb.
     0 | D:1      | Esekla set off with the following items: a +0 club, a wand
                  | of random effects (15), a +0 robe, a +0 shield, a ration;
                  | and the following spell memorised: Shock; and the following
                  | spells available to memorise: Mephitic Cloud
     0 | D:1      | Reached XP level 1. HP: 13/13 MP: 3/3
   374 | D:1      | Gained mutation: You are partially covered in rugged brown
                  | scales. (AC +1, +3% HP) [demonic ancestry]
   374 | D:1      | Reached XP level 2. HP: 13/19 MP: 0/5
  1249 | D:2      | Gained mutation: You sometimes gain a little power by
                  | taking damage. [demonic ancestry]
  1249 | D:2      | Reached XP level 3. HP: 22/24 MP: 4/7
  1549 | D:2      | Reached skill level 1 in Conjurations
  1687 | D:1      | Learned a level 3 spell: Mephitic Cloud
  1693 | D:2      | Reached skill level 3 in Spellcasting
  1789 | D:2      | Reached XP level 4. HP: 18/31 MP: 4/8
  2049 | D:2      | Found a runed translucent door.
  2050 | D:2      | Noticed Crazy Yiuf
  2077 | D:2      | Killed Crazy Yiuf
  2173 | D:3      | Noticed a sky beast
  2202 | D:2      | Killed a sky beast
  2202 | D:2      | Reached skill level 1 in Poison Magic
  2202 | D:2      | Reached XP level 5. HP: 11/37 MP: 6/10
  2708 | D:3      | Reached skill level 1 in Stealth
  2708 | D:3      | Reached XP level 6. HP: 40/43 MP: 5/11
  2953 | D:3      | Reached skill level 4 in Spellcasting
  3413 | D:4      | Found a stormy altar of Qazlal.
  3430 | D:4      | Noticed Grinder
  3953 | D:4      | Paralysed by Grinder for 4 turns
  3960 | D:4      | Paralysed by Grinder for 5 turns
  3988 | D:4      | Slain by Grinder

Levels and vault maps discovered:
D:1:      dpeg_arrival_short_road, layout_basic, minmay_misc_feat_alley
D:2:      layout_rooms, first_ration, uniq_crazy_yiuf_cottage
D:3:      layout_rooms
D:4:      layout_loops_ring, minmay_misc_feat_pillars, grunt_qazlal_clouds,
          uniq_grinder, uniq_edmund

Skill      XL: |  1  2  3  4  5  6 |
---------------+-------------------+-----
Conjurations   | 1 2 |  2.6
Spellcasting   | 3 4 |  4.4
Air Magic      | 2 |  2.5
Poison Magic   | 1 2 |  2.1
Stealth        | 1 |  1.7
Fighting       | |  0.6
Short Blades   | |  0.6
Dodging        | |  0.8
Shields        | |  1.0
Charms         | |  1.0
Necromancy     | |  2.1
Transmutations | |  1.7
Evocations     | |  1.2

Action                   |  1- 3 |  4- 6 || total
-------------------------+-------+-------++-------
Melee: Mace              |    11 |       ||    11
       Dagger            |    39 |    47 ||    86
 Cast: Shock             |    66 |    84 ||   150
       Mephitic Cloud    |       |     7 ||     7
Evoke: Wand              |       |    12 ||    12
  Use: Potion            |       |     4 ||     4
       Scroll            |       |     1 ||     1
  Eat: Chunk             |     3 |     8 ||    11
Armor: Robe              |    35 |    24 ||    59
Dodge: Dodged            |   114 |    91 ||   205
Block: Buckler           |       |    24 ||    24

Table legend:
 A = Non-vault XP
 B = Vault XP
 C = Vault XP percentage of total XP
 D = Non-vault monster count
 E = Vault monster count
 F = Vault count percentage of total count
                 A         B        C        D         E       F
            +---------+---------+-------+---------+---------+-------
      Total |     641 |      44 |   6.4 |      75 |       1 |   1.3
            +---------+---------+-------+---------+---------+-------
        D:1 |      39 |       0 |   0.0 |      21 |       0 |   0.0
        D:2 |     229 |      44 |  16.1 |      22 |       1 |   4.3
        D:3 |     306 |       0 |   0.0 |      21 |       0 |   0.0
        D:4 |      67 |       0 |   0.0 |      11 |       0 |   0.0
            +---------+---------+-------+---------+---------+-------
